 Dungeon Crawl Stone Soup version 0.28.0-45-g0d030f2227 (webtiles) character file.

Game seed: 4468785654795181862

3907 Kenran the Grappler (level 10, -2/84 HPs)
             Began as a Palentonga Fighter on Apr 24, 2022.
             Was an Initiate of Yredelemnul.
             Slain by a mummy (13 damage)
             ... on level 8 of the Dungeon.
             The game lasted 00:20:42 (9097 turns).

Kenran the Grappler (Palentonga Fighter)            Turns: 9097, Time: 00:20:42

Health: -2/84      AC: 18    Str: 21    XL:     10   Next: 0%
Magic:  10/10      EV:  8    Int:  8    God:    Yredelemnul [......]
Gold:   321        SH:  5    Dex: 16    Spells: 9/9 levels left

rFire   + . .      SeeInvis +     - Unarmed
rCold   + . .      Faith    .   b - +0 buckler
rNeg    . . .      Spirit   .   h - +2 swamp dragon scales of Discretion {rPois Dex+3}
rPois   +          Reflect  .   (no helmet)
rElec   .          Harm     .   g - scarf {rC+ rF+}
rCorr   .          Rampage  .   e - +0 pair of gloves
Will    .....      Clarity  +   (no barding)
Stlth   +.........              (no amulet)
HPRegen 0.24/turn               q - ring of poison resistance
MPRegen 0.12/turn               (no ring)

@: curled up
A: large, rugged brown scales 3, see invisible, deformed body, roll 1, armoured
tail, reflexive curl, clarity, subdued magic 1
a: Rolling Charge, Renounce Religion, Recall Undead Harvest


You were on level 8 of the Dungeon.
You worshipped Yredelemnul.
Yredelemnul was noncommittal.
You visited 2 branches of the dungeon, and saw 9 of its levels.
You also visited: Sewer.

You collected 321 gold pieces.

Inventory:

Missiles
 t - 2 throwing nets
Armour
 b - a +0 buckler (worn)
 e - a +0 pair of gloves (worn)
 g - a scarf of resistance (worn)
 h - the +2 swamp dragon scales of Discretion (worn) {rPois Dex+3}
   (You found it on level 3 of the Dungeon)

   Dex:       It affects your dexterity (+3).
   rPois:     It protects you from poison.
 v - the +1 scale mail of the Miller {rElec rPois Regen+}
   (You found it on level 6 of the Dungeon)

   rElec:     It insulates you from electricity.
   rPois:     It protects you from poison.
   Regen:     It increases your rate of health regeneration.
Jewellery
 q - a ring of poison resistance (left hand)
Wands
 f - a wand of acid (2)
 o - a wand of flame (31)
Scrolls
 c - a scroll of blinking
 d - 3 scrolls of teleportation
 j - 3 scrolls of fog
 k - 3 scrolls of magic mapping {unknown}
 l - 2 scrolls of enchant weapon
 p - a scroll of fear {unknown}
 r - a scroll of enchant armour
 u - 4 scrolls of immolation
Potions
 a - a potion of curing
 i - a potion of invisibility {unknown}
 m - a potion of magic
 n - a potion of resistance
 s - a potion of heal wounds {unknown}


   Skills:
 - Level 7.0 Fighting
 - Level 5.0 Armour
 - Level 4.0 Shields
 + Level 11.4 Unarmed Combat


You had 9 spell levels left.
You didn't know any spells.
Your spell library contained the following spells:

 Spells                   Type           Power      Damage    Failure   Level
 Animate Skeleton         Necr           0%         N/A       58%         1
 Pain                     Necr           0%         1d4       58%         1
 Static Discharge         Conj/Air       0%         N/A       73%         2
 Sublimation of Blood     Necr           0%         N/A       73%         2
 Wereblood                Tmut           0%         N/A       73%         2
 Frozen Ramparts          Ice            0%         1d2       92%         3
 Ozocubu's Armour         Ice            0%         N/A       92%         3
 Vampiric Draining        Necr           0%         2d6       92%         3
 Ice Form                 Ice/Tmut       0%         N/A       100%        4
 Summon Ice Beast         Ice/Summ       0%         N/A       100%        4
 Lightning Bolt           Conj/Air       0%         1d11      100%        5
 Metabolic Englaciation   Hex/Ice        0%         N/A       100%        5
 Simulacrum               Ice/Necr       0%         N/A       100%        6
 Summon Hydra             Summ           0%         N/A       100%        7
 Maxwell's Capacitive Co  Air            0%         ∞         100%        8


Dungeon Overview and Level Annotations

Branches:
Dungeon (8/15)             Temple (1/1) D:7           Sewer (visited)
   Lair: D:8-11

Altars:
Ashenzari
Cheibriados
Dithmenos
Elyvilon
Fedhas
Gozag
Hepliaklqana
Kikubaaqudgha
Makhleb
Nemelex Xobeh
Qazlal
Ru
Sif Muna
Trog
Uskayaw
Vehumet
Wu Jian
Xom
Yredelemnul
Zin
The Shining One

Portals:
Ossuary: D:8


Innate Abilities, Weirdness & Mutations

You are completely covered in rugged brown scales. (AC +3, +7% HP)
You have supernaturally acute eyesight. (SInv)
Armour fits poorly on your strangely shaped body.
You can roll at nearby foes to attack.
You have a long armoured tail.
You curl defensively after being hit. (AC +7*)
You possess an exceptional clarity of mind.
Your spells are a little easier to cast, but a little less powerful.


Message History

* * * LOW HITPOINT WARNING * * *
The orc wizard gestures at you while chanting.
You easily resist.
Your orc zombie closely misses the orc wizard.
You punch the orc wizard!
You kill the orc wizard!
The orc barely misses you. The orc hits you with a +0 trident.
* * * LOW HITPOINT WARNING * * *
Things that are here:
a +0 hand axe; a +0 plate armour You barely miss the orc.
You tail-slap the orc.
The orc is heavily wounded.
The orc hits you with a +0 trident.
* * * LOW HITPOINT WARNING * * *
You barely miss the orc.
Your tail-slap misses the orc.
The orc is heavily wounded.
You block the orc's attack.
You punch the orc!
You kill the orc!
You swap places.
Things that are here:
a +0 dagger; a +0 robe You open the door.
A mummy comes into view.
Found a sand-covered staircase.
The mummy hits your orc zombie!
Your orc zombie is destroyed!
You hit the mummy but do no damage.
You hear the slow hiss of an avalanche of sand.
You punch the mummy!
The mummy is heavily damaged.
The mummy hits you but does no damage.
You hit the mummy but do no damage.
The mummy is heavily damaged.
You barely miss the mummy.
The mummy is heavily damaged.
The mummy hits you!
You die...
Your body rises from the dead as a mindless zombie.

# ...####.#### ..
#...#...... #. #..#.....
#. ###...... #.
#∩##..#.#
#+###.###'###...### ###.
.......@M.........#.....
#.....##..........'.....
#.....##..........#.....
#.....))).........# ....
+.....##)....##...# ...
#.... #.....##...# ..
#... #........<.# . #+#
#...!......#
..............


You could see a mummy.

Vanquished Creatures
  Pikel (D:4)
  A troll (D:7)
  A steam dragon (D:7)
  Edmund (D:4)
  Pargi (Sewer)
  2 orc warriors
  2 black bears (D:6)
  A necrophage (D:4)
  2 ogres
  A centaur (D:5)
  A phantom (D:5)
  A kobold brigand (D:7)
  2 gnoll sergeants (D:5)
  Blork the orc (D:5)
  3 scorpions
  A wyvern skeleton (D:6)
  A killer bee (D:7)
  6 wights
  A howler monkey (D:5)
  2 bullfrog zombies
  A hound (D:3)
  2 centaur skeletons
  A jelly (D:6)
  7 orc priests
  A bullfrog skeleton (D:6)
  5 iguanas
  Natasha (thrice) (D:4)
  9 orc wizards
  2 hound skeletons (D:4)
  12 gnolls (D:5)
  9 adders
  2 river rats (D:4)
  A shadow imp (D:7)
  2 white imps
  2 ufetubi (D:7)
  3 dart slugs
  36 orcs
  5 bats
  5 endoplasms
  2 giant cockroaches (D:1)
  11 goblins
  13 hobgoblins
  4 jackals (D:1)
  A quokka (D:4)
  12 ball pythons
  11 frilled lizards
  11 kobolds
  3 rats
208 creatures vanquished.

Vanquished Creatures (others)
  An orc zombie (D:8)
  7 plants (D:5)
8 creatures vanquished.

Grand Total: 216 creatures vanquished

Notes
Turn   | Place    | Note
-------+----------+-------------------------------------------
     0 | D:1      | Kenran the Palentonga Fighter began the quest for the Orb.
     0 | D:1      | Reached XP level 1. HP: 19/19 MP: 1/1
   352 | D:1      | Reached XP level 2. HP: 25/25 MP: 2/2
   659 | D:1      | Reached skill level 3 in Unarmed Combat
  1105 | D:2      | Reached XP level 3. HP: 27/31 MP: 3/3
  1747 | D:2      | Reached skill level 4 in Unarmed Combat
  1895 | D:3      | Identified the +2 swamp dragon scales of Discretion {rPois
                  | Dex+3}
  1966 | D:3      | Reached XP level 4. HP: 37/37 MP: 4/4
  2560 | D:3      | Reached XP level 5. HP: 26/43 MP: 5/5
  2833 | D:4      | Reached skill level 5 in Unarmed Combat
  2896 | D:4      | Found a glowing drain.
  2969 | Sewer    | Entered a sewer
  3064 | Sewer    | Noticed Pargi
  3071 | Sewer    | Killed Pargi
  3072 | Sewer    | Reached XP level 6. HP: 49/50 MP: 6/6
  3250 | D:4      | Reached skill level 6 in Unarmed Combat
  3655 | D:4      | Noticed Edmund
  3667 | D:4      | Killed Edmund
  3668 | D:4      | Reached skill level 7 in Unarmed Combat
  3668 | D:4      | Gained mutation: You curl defensively after being hit. (AC
                  | +7*) [Palentonga growth]
  3668 | D:4      | Reached XP level 7. HP: 39/55 MP: 7/7
  3689 | D:4      | Noticed Pikel
  3696 | D:4      | Noticed Natasha
  3698 | D:4      | Killed Pikel
  3699 | D:4      | Reached skill level 9 in Unarmed Combat
  3699 | D:4      | Reached XP level 8. HP: 32/62 MP: 8/8
  3715 | D:4      | Killed Natasha
  3719 | D:4      | Noticed Natasha
  3723 | D:4      | Gained mutation: Your spells are a little easier to cast,
                  | but a little less powerful. [potion of mutation]
  3723 | D:4      | Gained mutation: You possess an exceptional clarity of
                  | mind. [potion of mutation]
  3726 | D:4      | HP: 1/62 [Natasha (7)]
  3727 | D:4      | Killed Natasha
  4173 | D:4      | Noticed Natasha
  4178 | D:4      | Killed Natasha
  4452 | D:5      | Entered Level 5 of the Dungeon
  4613 | D:5      | Reached skill level 10 in Unarmed Combat
  4730 | D:5      | You fall into a shaft and drop 2 floors!
  4898 | D:5      | Found a white marble altar of Elyvilon.
  4937 | D:5      | Found a radiant altar of Vehumet.
  6072 | D:5      | Noticed Blork the orc
  6085 | D:5      | Killed Blork the orc
  6086 | D:5      | Reached XP level 9. HP: 69/69 MP: 9/9
  7159 | D:6      | Reached skill level 5 in Fighting
  7354 | D:6      | Identified the +1 scale mail of the Miller {rElec rPois
                  | Regen+}
  8017 | D:7      | Found a burning altar of Makhleb.
  8316 | D:7      | Reached skill level 5 in Armour
  8385 | D:7      | Noticed a troll
  8396 | D:7      | Killed a troll
  8561 | D:7      | Reached skill level 11 in Unarmed Combat
  8782 | D:7      | Found a staircase to the Ecumenical Temple.
  8788 | Temple   | Entered the Ecumenical Temple
  8876 | Temple   | Became a worshipper of Yredelemnul the Dark
  9078 | D:8      | Reached XP level 10. HP: 20/84 MP: 10/10
  9089 | D:8      | Found a sand-covered staircase.
  9097 | D:8      | Slain by a mummy

Illustrated notes

Levels and vault maps discovered:
D:1:      dpeg_arrival_connections, layout_basic, minmay_heptomino_l4
D:2:      layout_basic
D:3:      layout_basic, kennysheep_generic_room_6
D:4:      layout_cave_pools, portal_sewer_entry_a, grunt_ministairs_11,
          uniq_natasha, uniq_edmund, uniq_pikel
D:5:      corexii_shantytown, layout_loops_corners,
          nicolae_elyvilon_temple_path, fiery_altar_vehumet, lightli_minifort,
          uniq_blork_the_orc
D:6:      layout_rooms, fountainhead
D:7:      cheibrodos_barr_body, layout_rooms, mainiacjoe_overflow_brackets,
          minmay_temple_entry_hall
D:8:      layout_gridville, nicolae_ossuary_entry_giza
Temple:   compressed_dpeg_circular_temple

Skill      XL: |  1  2  3  4  5  6  7  8  9 |
---------------+----------------------------+-----
Unarmed Combat | 3 4 5 7 9 10 11 | 11.4
Shields        | 3 4 |  4.0
Armour         | 3 4 5 |  5.0
Fighting       | 4 7 |  7.0

Action                   |  1- 3 |  4- 6 |  7- 9 | 10-12 || total
-------------------------+-------+-------+-------+-------++-------
Melee: Unarmed           |   139 |   148 |   419 |    10 ||   716
       Tailslap          |    18 |    17 |    47 |     1 ||    83
Evoke: Wand              |       |       |     1 |       ||     1
  Use: Potion            |       |     2 |     9 |       ||    11
       Scroll            |       |       |     9 |       ||     9
Armor: Scale mail        |    76 |       |    19 |       ||    95
       Swamp dragon scal |     4 |    52 |   155 |     1 ||   212
       Skin              |       |       |    26 |       ||    26
Dodge: Dodged            |    39 |    54 |   114 |     1 ||   208
Block: Buckler           |    22 |    28 |   115 |     1 ||   166
